 Dungeon Crawl Stone Soup version 0.4.4 (crawl-ref) character file.

395 HorrorMuchShow the Slasher (level 5, 0/37 HPs)
             Began as a High Elf Chaos Knight on Jan 8, 2009.
             Was a Believer of Lugonu.
             Slain by a centaur (6 damage)
             ... on Level 5 of the Dungeon. Dgl's game lasted 00:31:50 (4454 turns). HorrorMuchShow the Slasher (High Elf Chaos Knight) Turns: 4454, Time: 00:31:50

HP   0/37        AC 13     Str 10 (11) Exp: 5/350 (2), need: 54
MP   9/9         EV  6     Int 14      God: Lugonu **
Gold 150         SH  0     Dex 17      Spells:  0 memorised,  4 levels left

Res.Fire  : + . .   See Invis. : .   a - +1,+0 falchion
Res.Cold  : . . .   Warding    : .   l - +6 dwarf chain mail
Life Prot.: . . .   Conserve   : .   (no shield)
Res.Poison: .       Res.Corr.  : .   (no helmet)
Res.Elec. : .       Clarity    : .   (no cloak)
                                     (no gloves)
Sust.Abil.: .       Rnd.Telep. : .   (no boots)
Res.Mut.  : .       Ctrl.Telep.: .   (no amulet)
Res.Slow  : .       Levitation : +   F - ring of levitation
Saprovore : . . .   Ctrl.Flight: .   O - ring of protection from fire

@: invisible, levitating, slightly resistant to magic, very unstealthy
A: no striking features
a: Depart the Abyss, Bend Space, Renounce Religion, Stop Levitating


You were on level 5 of the Dungeon.
You worshipped Lugonu.
Lugonu was most pleased with you.
You were hungry.

You visited 1 branch of the dungeon, and saw 5 of its levels.
You visited the Abyss 1 time.

Inventory:

Hand weapons
 a - a +1,+0 falchion (weapon)
 b - a +0,+0 blowgun
 c - a +1,+2 dagger of draining
 h - a +0,+1 orcish club
 i - a +0,+0 short sword
 k - a +0,+1 orcish dagger
 n - a +0,+1 orcish flail
 r - a +2,+1 dagger
 s - a +0,+0 hand axe
 A - a +0,+1 orcish hammer
 Y - a +1,+2 whip
Missiles
 d - 19 +0 darts
 f - 15 poisoned +0 elven needles
 g - 10 poisoned +0 orcish needles
 o - a +0 dart of flame
 u - 46 +0 orcish arrows
 v - 30 +2 elven arrows
 z - 3 +0 javelins (quivered)
 H - 15 +0 arrows
 L - 4 poisoned +0 orcish javelins
Armour
 l - a +6 dwarven chain mail (worn)
Magical devices
 P - a wand of paralysis (0)
Comestibles
 p - a meat ration
 w - a sausage
 J - a pear
 Z - 2 bread rations
Scrolls
 e - a scroll of identify
 m - 4 scrolls of detect curse
 t - a scroll of remove curse
 D - a scroll of teleportation
Jewellery
 F - a ring of levitation (right hand)
 O - a ring of protection from fire (left hand)
Potions
 j - a potion of degeneration
 y - 3 potions of speed
 I - a potion of mutation
 V - a potion of might You had 2 experience left.


   Skills:
 + Level 3 Fighting
 - Level 4 Short Blades
 + Level 5 Long Blades
 + Level 2 Armour
 + Level 1 Dodging
 + Level 3 Invocations


You had 4 spell levels left.
You didn't know any spells.

Overview of the Dungeon

Shops:
D:4: !


Message History

You hit the centaur, but do no damage.
The centaur is moderately wounded.
You flicker for a moment.
The centaur hits you.
You feel very buoyant.
You gently float upwards from the floor.
The centaur hits you.

#.# .... #.#
...#
#######.#....#
......(......#
.######.#....#
.# #(# ..# .#
#(# # .# #c#
.# #@# .# #.#
.# #.# .# #.#
.# #.# .# #.#
.# #.# .# #.#
.# #.#


You could see a centaur.

Vanquished Creatures
  An imp (D:5)
  2 giant ants
  An orc wizard (D:4)
  2 snakes (D:2)
  A worm (D:5)
  3 giant mites
  2 oozes (D:2)
  3 giant cockroaches
  2 giant geckos
  13 goblins
  14 hobgoblins
  8 kobolds
  5 orcs
  7 giant bats
  5 giant newts
  11 rats
80 creatures vanquished.

Notes
Turn   | Place    | Note
--------------------------------------------------------------
     0 | Abyss    | HorrorMuchShow, the High Elf Chaos Knight, began the quest for the Orb.
     0 | Abyss    | Reached XP level 1. HP: 12/12 MP: 1/1
   152 | Abyss    | Noticed a giant eyeball
   197 | D:1      | You pass through the gate.
   743 | D:1      | Reached XP level 2. HP: 16/16 MP: 2/3
   804 | D:1      | Acquired Lugonu's first power
  1333 | D:2      | Reached XP level 3. HP: 23/23 MP: 4/5
  1522 | D:2      | Reached skill 4 in Short Blades
  1965 | D:2      | Acquired Lugonu's second power
  2178 | D:2      | Reached XP level 4. HP: 30/30 MP: 6/7
  2396 | D:3      | Reached skill 1 in Long Blades
  3760 | D:4      | Reached XP level 5. HP: 19/37 MP: 9/9
  4061 | D:5      | Entered Level 5 of the Dungeon
  4210 | D:5      | Reached skill 5 in Long Blades
  4454 | D:5      | Slain by a centaur
